 Dungeon Crawl Stone Soup version 0.25-a0-549-g6e6e6501ad (webtiles) character file.

Game seed: 10605812900176515379, levelgen mode: deterministic

4185 Eurus the Thaumaturge (level 10, -9/76 HPs)
             Began as a Mummy Conjurer on Feb 23, 2020.
             Killed from afar by Psyche (10 damage)
             ... with a puff of flame
             ... on level 8 of the Dungeon.
             The game lasted 00:26:19 (12174 turns).

Eurus the Thaumaturge (Mummy Conjurer)             Turns: 12174, Time: 00:26:20

Health: -9/76      AC:  6    Str: 12    XL:     10   Next: 8%
Magic:  22/22      EV: 12    Int: 17    God:
Gold:   345        SH:  0    Dex: 13    Spells: 18/25 levels left

rFire    x . .     SeeInvis .   k - +1 dagger (venom)
rCold    + . .     Gourm    .   (no shield)
rNeg     + + +     Faith    .   a - +0 robe
rPois    ∞         Spirit   .   (no helmet)
rElec    .         Reflect  .   s - scarf {repulsion}
rCorr    .         Harm     .   i - +0 pair of gloves
MR       +....                  n - +2 pair of boots {run}
Stlth    ++........             (no amulet)
HPRegen  0.22/turn              p - ring of wizardry
MPRegen  0.18/turn              (no ring)

@: very slightly contaminated, repel missiles, quick
A: no food or potions, fire vulnerability, cold resistance 1, negative energy
resistance 3, torment resistance, unbreathing
a: no special abilities


You were on level 8 of the Dungeon.
You were not hungry.

You visited 2 branches of the dungeon, and saw 9 of its levels.
You also visited: Sewer.

You collected 345 gold pieces.

Inventory:

Hand Weapons
 k - a +1 dagger of venom (weapon)
Armour
 a - a +0 robe (worn)
 i - a +0 pair of gloves (worn)
 n - a +2 pair of boots of running (worn)
 q - a +2 tower shield
 s - a scarf of repulsion (worn)
 u - a cursed +0 buckler
Jewellery
 l - an uncursed ring of stealth {unknown}
 p - a ring of wizardry (left hand)
Wands
 f - a wand of random effects (25)
 h - a wand of clouds (5)
 v - a wand of acid (2)
Scrolls
 b - a scroll of magic mapping
 c - 10 scrolls of identify
 d - 2 scrolls of blinking
 e - 4 scrolls of remove curse {unknown}
 g - 2 scrolls of amnesia
 j - 5 scrolls of teleportation {unknown}
 m - 4 scrolls of fear {unknown}
 o - 2 scrolls of immolation {unknown}
 r - a scroll of noise {unknown}
 t - 2 scrolls of enchant weapon {unknown}


   Skills:
 - Level 5.6 Fighting
 + Level 4.8 Armour
 - Level 1.5 Dodging
 - Level 1.5 Stealth
 + Level 2.3 Shields
 + Level 8.4 Spellcasting
 + Level 7.0 Conjurations
 + Level 4.7 Translocations


You had 18 spell levels left.
You knew the following spells:

 Your Spells              Type           Power        Failure   Level  Hunger
a - Magic Dart            Conj           ####         1%          1    N/A
b - Searing Ray           Conj           ####..       1%          2    N/A
c - Iskenderun's Mystic   Conj/Tloc      ####....     3%          4    N/A

Your spell library contained the following spells:

 Spells                   Type           Power        Failure   Level  Hunger
 Dazzling Flash           Conj/Hex       ###...       2%          3    N/A
 Fulminant Prism          Conj/Hex       ###.......   10%         4    N/A

Dungeon Overview and Level Annotations

Branches:
Dungeon (8/15)             Temple (1/1) D:4           Sewer (visited)
   Lair: D:8-11

Altars:
Ashenzari
Cheibriados
Dithmenos
Fedhas
Gozag
Hepliaklqana
Kikubaaqudgha
Nemelex Xobeh
Okawaru
Qazlal
Ru
Sif Muna
Trog
Vehumet
Wu Jian
Xom
Yredelemnul
Zin

Shops:
D:7 [

Annotations:
D:3 1 exclusion
D:4 Dowan, Duvessa
D:7 Maggie
D:8 Psyche


Innate Abilities, Weirdness & Mutations

You do not eat or drink.
Your flesh is vulnerable to fire.
You are immune to poison.
Your flesh is cold resistant. (rC+)
You are immune to negative energy. (rN+++)
You are immune to unholy pain and torment.
You can survive without breathing.


Message History

Psyche laughs secretively.
Psyche zaps a wand.
The mass of ice explodes!
The iceblast engulfs you! You partially resist.
* * * LOW HITPOINT WARNING * * *
Psyche gestures at you while chanting.
The puff of frost is repelled.
Psyche gestures at you while chanting. The puff of flame hits you!
The fire burns you terribly!
* * * LOW HITPOINT WARNING * * *
Blink to where?
Press: ? - help, Dir - move target cursor You are very lightly contaminated with residual magic.
As you read the scroll of blinking, it crumbles to dust.
Psyche zaps a wand.
The mass of ice explodes!
The iceblast engulfs you. You partially resist.
* * * LOW HITPOINT WARNING * * *
The now-empty wand crumbles to dust.
Psyche gestures at you while chanting. The puff of flame hits you!
The fire burns you terribly!
You die...

#.................##
#...........(......##
...............)....#
#.........≈≈≈≈≈...(.#
##.....)..≈###≈.....#
###.......≈#_'.[(.(.#
#.##......≈###≈.....# ##
+.........≈≈≈≈(.....# .####
#.##@.........<)()<(# ....####
###..#........(.)...# ###....#
##...######..†(.((.(# #.....####
##...................#
@..§.....###...................##
#######...#@............#.(...##
##......................#######
#..######...............#
#.#######...............#


You could see Psyche.

Vanquished Creatures
  Grinder (D:5)
  A hippogriff (D:5)
  6 yaks (D:6)
  2 ice beasts
  An orc warrior (D:7)
  A sky beast (D:7)
  A black bear (D:6)
  4 centaurs
  5 ogres
  A big kobold (D:8)
  Blork the orc (D:5)
  3 bullfrogs
  A water moccasin skeleton (D:8)
  A scorpion (D:7)
  A howler monkey (D:5)
  A centaur zombie (D:8)
  Crazy Yiuf (D:5)
  2 centaur skeletons (D:8)
  2 jellies
  A gnoll shaman (D:7)
  2 orc priests
  4 hounds
  10 orc wizards
  An iguana (D:7)
  Jessica (D:2)
  Ijyb (D:3)
  3 worker ants
  Terence (D:3)
  16 gnolls
  8 adders
  3 shadow imps
  An adder zombie (D:6)
  2 dart slugs
  5 worms
  6 leopard geckos
  27 orcs
  8 ball pythons
  5 bats
  3 giant cockroaches
  5 goblins
  7 hobgoblins
  16 jackals
  12 kobolds
  3 quokkas
  12 frilled lizards
  A leopard gecko zombie (D:6)
  7 rats
207 creatures vanquished.

Notes
Turn   | Place    | Note
-------+----------+-------------------------------------------
     0 | D:1      | Eurus the Mummy Conjurer began the quest for the Orb.
     0 | D:1      | Reached XP level 1. HP: 13/13 MP: 4/4
   625 | D:1      | Reached XP level 2. HP: 20/20 MP: 3/5
   629 | D:1      | Learned a level 2 spell: Searing Ray
   634 | D:1      | Reached skill level 3 in Spellcasting
   995 | D:1      | Reached skill level 1 in Fighting
  1449 | D:2      | Reached XP level 3. HP: 26/26 MP: 2/7
  1683 | D:2      | Noticed Jessica
  1698 | D:2      | Killed Jessica
  1698 | D:2      | Reached XP level 4. HP: 32/32 MP: 3/9
  2991 | D:3      | Found a glowing drain.
  2999 | D:3      | Reached XP level 5. HP: 38/38 MP: 6/10
  3007 | Sewer    | Entered a sewer
  3092 | Sewer    | Reached skill level 4 in Spellcasting
  3497 | D:3      | Noticed Ijyb
  3503 | D:3      | Killed Ijyb
  3920 | D:3      | Identified a +1 pair of boots of running (You found it on
                  | level 3 of the Dungeon)
  3944 | D:3      | Noticed Terence
  3959 | D:3      | Killed Terence
  4189 | D:3      | Reached XP level 6. HP: 39/46 MP: 3/12
  4256 | D:3      | Learned a level 4 spell: Iskenderun's Mystic Blast
  4421 | D:4      | Reached skill level 5 in Conjurations
  4479 | D:4      | Found a staircase to the Ecumenical Temple.
  4488 | Temple   | Entered the Ecumenical Temple
  4818 | D:4      | Noticed Duvessa
  4818 | D:4      | Noticed Dowan
  5161 | D:4      | Reached skill level 1 in Armour
  5161 | D:4      | Reached skill level 1 in Translocations
  5675 | D:5      | Entered Level 5 of the Dungeon
  5744 | D:5      | Reached skill level 5 in Spellcasting
  5744 | D:5      | Reached XP level 7. HP: 42/52 MP: 9/14
  5789 | D:5      | Found an iron altar of Okawaru.
  5985 | D:5      | Noticed a hippogriff
  6243 | D:5      | Found a bloodstained altar of Trog.
  6243 | D:5      | Found a snail-covered altar of Cheibriados.
  6243 | D:5      | Found a shimmering blue altar of Sif Muna.
  6692 | D:5      | Killed a hippogriff
  6692 | D:5      | Reached skill level 6 in Spellcasting
  6692 | D:5      | Reached XP level 8. HP: 60/60 MP: 6/17
  6804 | D:5      | Found a runed translucent door.
  6805 | D:5      | Noticed Crazy Yiuf
  6869 | D:5      | Noticed Grinder
  6870 | D:5      | Paralysed by Grinder for 3 turns
  6885 | D:5      | Killed Grinder
  7037 | D:5      | Noticed Blork the orc
  7054 | D:5      | Killed Blork the orc
  7202 | D:5      | Killed Crazy Yiuf
  7538 | D:6      | Reached skill level 5 in Fighting
  7539 | D:6      | Reached skill level 7 in Spellcasting
  7539 | D:6      | Reached XP level 9. HP: 56/68 MP: 11/19
  7550 | D:6      | HP: 1/68 [yak (13)]
  8392 | D:6      | Found a shimmering altar of Xom.
  8392 | D:6      | Found an opulent altar of Gozag.
  8783 | D:7      | Noticed Maggie
  9050 | D:7      | Found Acru Ama's Antique Armour Shoppe.
  9809 | D:7      | Reached skill level 1 in Shields
 10209 | D:8      | Reached skill level 8 in Spellcasting
 10330 | D:8      | Found a hazy altar of Hepliaklqana.
 11433 | D:7      | Found a shattered altar of Ashenzari.
 11846 | D:8      | Reached XP level 10. HP: 68/76 MP: 18/22
 11904 | D:8      | Found a basalt altar of Yredelemnul.
 12149 | D:8      | Noticed Psyche
 12173 | D:8      | HP: 1/76 [Psyche/iceblast (6)]
 12174 | D:8      | Killed from afar by Psyche

Levels and vault maps discovered:
D:1:      elethiomel_arrival_shortcut, layout_basic, st_stairs_4,
          minmay_tromino_mix6
D:2:      layout_basic, uniq_jessica
D:3:      layout_rooms, cheibrodos_sewer_entry_bend, first_ration,
          kennysheep_cross_room, uniq_ijyb, uniq_terence
D:4:      layout_gridville, minmay_temple_entry_butterflies,
          mrwooster_statue_mirror, uniq_duvessa
D:5:      layout_gridville, chequers_temple_overflow_statue_of_worship,
          minmay_misc_feat_pillars, okawaru_gym_becter, uniq_crazy_yiuf_cottage,
          uniq_blork_the_orc, uniq_grinder
D:6:      layout_loops_cross, gammafunk_temple_overflow_wave,
          roderic_roman_lattice
D:7:      layout_basic, nicolae_overflow_hidden_temple, serial_shops,
          nicolae_shop_crystal, uniq_maggie
D:8:      layout_rooms, kennysheep_mini_moat, overflow_temple_1_default,
          grunt_temple_overflow_diamond, serial_shops, shop, uniq_psyche
Temple:   compressed_dpeg_circular_temple

Skill      XL: |  1  2  3  4  5  6  7  8  9 10 |
---------------+-------------------------------+-----
Spellcasting   | 3 4 5 6 7 8 |  8.4
Fighting       | 1 2 3 4 5 |  5.6
Conjurations   | 4 5 6 7 |  7.0
Armour         | 1 2 3 4 |  4.8
Translocations | 1 2 3 4 |  4.7
Shields        | 2 |  2.3
Dodging        | |  1.5
Stealth        | |  1.5

Action                   |  1- 3 |  4- 6 |  7- 9 | 10-12 || total
-------------------------+-------+-------+-------+-------++-------
Melee: Club              |     6 |       |       |       ||     6
       Dagger            |    19 |   130 |    96 |     7 ||   252
 Cast: Magic Dart        |    36 |    36 |    67 |     5 ||   144
       Searing Ray       |     5 |    18 |    67 |     8 ||    98
  Use: Scroll            |       |     5 |     2 |     1 ||     8
 Stab: Sleeping          |     1 |     4 |     1 |       ||     6
Armor: Robe              |     8 |    36 |    39 |     5 ||    88
Dodge: Dodged            |    21 |   114 |   119 |     6 ||   260
       Deflected         |       |     2 |    14 |     3 ||    19

Table legend:
 A = Non-vault XP
 B = Vault XP
 C = Vault XP percentage of total XP
 D = Non-vault monster count
 E = Vault monster count
 F = Vault count percentage of total count
                 A         B        C        D         E       F
            +---------+---------+-------+---------+---------+-------
      Total |    5386 |     593 |   9.9 |     182 |      25 |  12.1
            +---------+---------+-------+---------+---------+-------
        D:1 |      29 |       9 |  23.7 |      17 |       5 |  22.7
        D:2 |     106 |      37 |  25.9 |      30 |       1 |   3.2
        D:3 |     121 |      75 |  38.3 |      19 |       4 |  17.4
        D:4 |     236 |       0 |   0.0 |      14 |       0 |   0.0
        D:5 |    1013 |     432 |  29.9 |      22 |       3 |  12.0
        D:6 |    1701 |       0 |   0.0 |      24 |       0 |   0.0
        D:7 |    1036 |       0 |   0.0 |      26 |       0 |   0.0
        D:8 |    1144 |       0 |   0.0 |      30 |       0 |   0.0
      Sewer |       0 |      40 | 100.0 |       0 |      12 | 100.0
            +---------+---------+-------+---------+---------+-------
